 Dungeon Crawl Stone Soup version 0.30-a0-322-g102857c98e (webtiles) character file.

Game seed: 12631973770835997385

1007 bande the Cleaver (level 8, 0/70 HPs)
             Began as a Hill Orc Fighter on Oct 27, 2022.
             Was an Initiate of Beogh.
             Slain by a gnoll
             ... wielding a +0 halberd
             ... led by a gnoll bouda
              (5 damage)
             ... on level 5 of the Dungeon.
             The game lasted 00:05:40 (4306 turns).

bande the Cleaver (Hill Orc Fighter)                Turns: 4306, Time: 00:05:41

Health: 0/70       AC: 12    Str: 19    XL:     8   Next: 20%
Magic:  0/8        EV:  5    Int:  8    God:    Beogh [......]
Gold:   160        SH:  5    Dex: 12    Spells: 7/7 levels left

rFire   . . .      SeeInvis .    a - +0 war axe
rCold   . . .      Faith    .    c - +0 buckler
rNeg    . . .      Spirit   +    f - +0 plate armour
rPois   .          Reflect  .    (no helmet)
rElec   .          Harm     .    (no cloak)
rCorr   .          Rampage  .    (no gloves)
Will    .....                    (no boots)
Stlth   ..........               r - amulet of guardian spirit
HPRegen 0.31/turn                m - ring of flight
MPRegen 0.11/turn                (no ring)

@: flying
A: no striking features
a: Renounce Religion


You were on level 5 of the Dungeon.
You worshipped Beogh.
Beogh was noncommittal.
You visited 1 branch of the dungeon, and saw 5 of its levels.

You collected 160 gold pieces.

Inventory:

Hand Weapons
 a - a +0 war axe (weapon)
 y - a +2 flail of venom
Armour
 c - a +0 buckler (worn)
 f - a +0 plate armour (worn)
Jewellery
 i - an amulet of reflection
 k - a ring of ice
 m - a ring of flight (left hand)
 r - an amulet of guardian spirit (around neck)
Wands
 t - a wand of polymorph (10)
 w - a wand of paralysis (8)
Scrolls
 e - 5 scrolls of identify {unknown}
 l - 2 scrolls of blinking {unknown}
 n - a scroll of fog {unknown}
 o - a scroll of amnesia {unknown}
 p - a scroll of immolation {unknown}
 s - a scroll of enchant armour {unknown}
 u - 2 scrolls of teleportation {unknown}
 v - a scroll of torment {unknown}
Potions
 b - 2 potions of curing {unknown}
 d - a potion of might
 h - a potion of experience {unknown}
 j - 2 potions of haste {unknown}
 q - 3 potions of ambrosia {unknown}
 x - 2 potions of mutation {unknown}
 z - a potion of invisibility {unknown}


   Skills:
 + Level 5.9 Fighting
 + Level 8.3 Axes
 + Level 5.6 Armour
 - Level 0.1 Dodging
 + Level 5.4 Shields


You had 7 spell levels left.
You didn't know any spells.
Your spell library contained the following spells:

 Spells                   Type           Power      Damage    Failure   Level
 Magic Dart               Conj           0%         1d3       100%        1
 Call Imp                 Summ           0%         N/A       100%        2
 Mephitic Cloud           Conj/Pois/Air  0%         N/A       100%        3
 Stone Arrow              Conj/Erth      0%         3d7       100%        3
 Animate Armour           Summ/Erth      0%         N/A       100%        4
 Conjure Ball Lightning   Conj/Air       0%         3x3d6     100%        6
 Discord                  Hex            0%         N/A       100%        8
 Disjunction              Tloc           0%         N/A       100%        8
 Lehudib's Crystal Spear  Conj/Erth      0%         10d2      100%        8


Dungeon Overview and Level Annotations

Branches:
Dungeon (5/15)
 Temple: D:4-7

Altars:
Ashenzari
Dithmenos
Gozag
Makhleb
Sif Muna
Trog
Wu Jian
Xom


Message History

The gnoll bouda hits you with a +0 whip.
* * * LOW HITPOINT WARNING * * *
You barely miss the gnoll bouda.
The gnoll bouda is almost dead.
You barely miss the gnoll. You completely miss the gnoll.
The gnoll hits you but does no damage. x3
The gnoll bouda calls upon its god to heal the gnoll.
The gnoll is healed somewhat.
Unknown command.
You barely miss the gnoll bouda.
The gnoll bouda is almost dead.
You hit the gnoll but do no damage. You slash the gnoll!
You kill the gnoll!
Beogh accepts your kill.
The gnoll hits you from afar with a +0 halberd.
* * * LOW HITPOINT WARNING * * *
You block the gnoll's attack.
The gnoll bouda hits you but does no damage.
The gnoll hits you from afar with a +0 halberd.
You barely miss the gnoll bouda.
The gnoll bouda is almost dead.
You completely miss the gnoll. The gnoll hits you but does no damage.
The gnoll bouda calls upon its god to heal the gnoll.
The gnoll's wounds heal themselves!
The gnoll barely misses you. The gnoll hits you but does no damage.
Unknown command.
You hit the gnoll but do no damage. You completely miss the gnoll bouda.
The gnoll bouda hits you but does no damage.
The gnoll hits you from afar with a +0 halberd!
* * * LOW HITPOINT WARNING * * *
The gnoll hits you but does no damage.
You slash the gnoll!
The gnoll is almost dead.
You hit the gnoll bouda.
You kill the gnoll bouda!
Beogh accepts your kill.
Beogh appreciates your killing of a heretic priest.
The gnoll barely misses you. The gnoll hits you but does no damage.
The gnoll is no longer moving quickly.
The gnoll hits you with a +0 halberd.
You die...

#.. .###. ... #.. ....
...# ##. ... ...# ... ..
.^.# #### # #. #..# #
.###.#.##..# # #
......gg)..###.#......##
#...@.....#.#......#
####.).............#
###.............#
.#####..###.......##
..................[.
.###...............#
#.#............#
#.#.....##...###
#.##....##.#.#


You could see 2 gnolls.

Vanquished Creatures
  Sigmund (D:3)
  Pargi (D:3)
  2 phantoms (D:5)
  3 scorpions
  A jelly (D:4)
  An orc priest (D:5)
  A gnoll bouda (D:5)
  2 hounds (D:4)
  An iguana (D:4)
  2 orc wizards (D:5)
  7 gnolls
  3 adders
  An ufetubus (D:4)
  A worm (D:5)
  3 dart slugs
  15 orcs
  4 bats
  6 endoplasms
  7 giant cockroaches
  10 goblins
  9 hobgoblins
  2 jackals (D:2)
  2 kobolds (D:3)
  3 quokkas
  7 ball pythons
  4 frilled lizards
  8 rats
107 creatures vanquished.

Vanquished Creatures (others)
  An orc priest (D:5)
  An orc (D:5)
2 creatures vanquished.

Grand Total: 109 creatures vanquished

Notes
Turn   | Place    | Note
-------+----------+-------------------------------------------
     0 | D:1      | bande the Hill Orc Fighter began the quest for the Orb.
     0 | D:1      | Reached XP level 1. HP: 19/19 MP: 1/1
     3 | D:1      | Noticed an electric eel
     4 | D:1      | Noticed an electric eel
    85 | D:1      | Reached XP level 2. HP: 27/27 MP: 2/2
   146 | D:1      | Reached skill level 3 in Axes
   323 | D:1      | Reached XP level 3. HP: 33/33 MP: 3/3
   869 | D:2      | Reached XP level 4. HP: 40/40 MP: 4/4
  1322 | D:2      | Reached skill level 4 in Axes
  1664 | D:3      | Noticed Pargi
  1701 | D:3      | Killed Pargi
  1702 | D:3      | Reached XP level 5. HP: 4/47 MP: 5/5
  2151 | D:3      | Found a bloodstained altar of Trog.
  2152 | D:3      | Found a broken altar of Ashenzari.
  2380 | D:3      | Found an ornate altar of the Wu Jian Council.
  2569 | D:3      | Found a shimmering altar of Xom.
  2571 | D:3      | Found a shadowy altar of Dithmenos.
  2571 | D:3      | Noticed Sigmund
  2573 | D:3      | Found a burning altar of Makhleb.
  2576 | D:3      | Found an opulent altar of Gozag.
  2584 | D:3      | Found a shimmering blue altar of Sif Muna.
  2604 | D:3      | Killed Sigmund
  2605 | D:3      | Reached skill level 5 in Fighting
  2605 | D:3      | Reached skill level 5 in Axes
  2605 | D:3      | Reached XP level 6. HP: 15/56 MP: 6/6
  3026 | D:4      | Reached skill level 6 in Axes
  3026 | D:4      | Reached XP level 7. HP: 61/61 MP: 7/7
  3031 | D:4      | Reached skill level 5 in Shields
  3075 | D:4      | Reached skill level 5 in Armour
  3467 | D:4      | Reached skill level 7 in Axes
  3707 | D:5      | Entered Level 5 of the Dungeon
  3896 | D:5      | Became a worshipper of Beogh the Brigand
  3914 | D:5      | Reached XP level 8. HP: 59/70 MP: 5/8
  3924 | D:5      | Reached skill level 8 in Axes
  4306 | D:5      | Slain by a gnoll

Illustrated notes

Levels and vault maps discovered:
D:1:      arrival_aquarium_b, layout_rooms
D:2:      layout_basic, minmay_misc_feat_pillars, guppyfry_early_orc_mine
D:3:      layout_loops_ring, pdpol_wu_jian_five_deadly_venoms, minitemple,
          minmay_misc_feat_nine_boxes, uniq_pargi, uniq_sigmund
D:4:      layout_basic
D:5:      layout_basic, uniq_pikel

Skill      XL: |  1  2  3  4  5  6  7  8 |
---------------+-------------------------+-----
Axes           | 3 4 5 6 7 8 |  8.3
Fighting       | 4 5 |  5.9
Armour         | 4 5 |  5.6
Shields        | 4 5 |  5.4
Dodging        | |  0.1

Action                   |  1- 3 |  4- 6 |  7- 9 || total
-------------------------+-------+-------+-------++-------
Melee: War axe           |   108 |   122 |   123 ||   353
Invok: Convert to Beogh  |       |       |     1 ||     1
  Use: Potion            |       |     2 |       ||     2
Armor: Scale mail        |    18 |       |       ||    18
       Plate armour      |    52 |   105 |   105 ||   262
Dodge: Dodged            |    37 |    48 |    39 ||   124
Block: Buckler           |    32 |    93 |    35 ||   160
       Reflection        |     1 |     2 |       ||     3

Table legend: (Time is in decaauts)
 A = Elapsed time spent in this place.
 B = Non-inter-level travel time spent in this place.
 C = Inter-level travel time spent in this place.
 D = Time resting spent in this place.
 E = Time spent auto-exploring this place.
 F = Levels seen in this place.
 G = Mean time per level.
                   A        B        C        D        E       F      G
               +--------+--------+--------+--------+--------+-----+--------+
         Total |   4410 |   4300 |    110 |    963 |   2419 |   5 |  882.0 |
       Dungeon |   4410 |   4300 |    110 |    963 |   2419 |   5 |  882.0 |
               +--------+--------+--------+--------+--------+-----+--------+

Top non-repeatable levels by time:
     D:3: 1536 daAuts
     D:2: 954 daAuts
     D:4: 767 daAuts
     D:5: 610 daAuts
     D:1: 541 daAuts
